 Dungeon Crawl Stone Soup version 0.23-a0-402-g64599a1 (webtiles) character file.

158 MisterFreud the Sneak (level 5, 0/42 HPs)
             Began as a Naga Fire Elementalist on Nov 4, 2018.
             Slain by a gnoll
             ... wielding a +0 flail
              (13 damage)
             ... on level 3 of the Dungeon.
             The game lasted 00:06:52 (2184 turns).

MisterFreud the Sneak (Naga Fire Elementalist)      Turns: 2184, Time: 00:06:53

Health: 0/42       AC:  3    Str: 11    XL:     5   Next: 39%
Magic:  8/8        EV: 10    Int: 16    God:
Gold:   65         SH:  0    Dex: 13    Spells: 7/8 levels left

rFire    . . .     SeeInvis +   i - +3 spear
rCold    . . .     Gourm    .   (no shield)
rNeg     . . .     Faith    .   a - +0 robe
rPois    +         Spirit   .   (no helmet)
rElec    .         Reflect  .   (no cloak)
rCorr    .         Harm     .   h - +0 pair of gloves
MR       .....                  (no barding)
Stlth    +++.......             (no amulet)
HPRegen  0.14/turn              d - +2 ring of dexterity
MPRegen  0.11/turn              (no ring)

@: about to teleport, very slow
A: large, see invisible, deformed body, poison resistance, slowness 2, slow
metabolism 1, spit poison 1, AC +1
a: Spit Poison


You were on level 3 of the Dungeon.
You were not hungry.

You visited 1 branch of the dungeon, and saw 3 of its levels.

You collected 65 gold pieces.

Inventory:

Hand Weapons
 f - a +0 club
 i - a +3 spear (weapon)
 m - a +4 hunting sling
Missiles
 o - 29 sling bullets
 p - 18 bolts
 q - 102 stones (quivered)
 s - 10 tomahawks
Armour
 a - a +0 robe (worn)
 h - a +0 pair of gloves (worn)
Jewellery
 d - a +2 ring of dexterity (left hand)
Scrolls
 j - a scroll of remove curse
 k - 2 scrolls of noise {unknown}
 l - 2 scrolls of random uselessness {unknown}
Potions
 b - 6 potions of curing
 e - a potion of brilliance
 g - a potion of agility
 n - 3 potions of mutation
Comestibles
 c - 2 rations
 r - 4 chunks of flesh


   Skills:
 - Level 1.5 Dodging
 - Level 5.0 Stealth
 - Level 2.0 Spellcasting
 + Level 3.7 Conjurations
 + Level 3.7 Fire Magic


You had 7 spell levels left.
You knew the following spells:

 Your Spells              Type           Power        Failure   Level  Hunger
a - Flame Tongue          Conj/Fire      ##...        4%          1    #......

Your spell library contained the following spells:

 Spells                   Type           Power        Failure   Level  Hunger
 Throw Flame              Conj/Fire      ##....       7%          2    ###....
 Conjure Flame            Conj/Fire      ##......     13%         3    ###....
 Inner Flame              Hex/Fire       #.......     28%         3    ###....
 Sticky Flame             Conj/Fire      ##......     41%         4    #####..
 Fireball                 Conj/Fire      ##........   77%         5    ######.


Dungeon Overview and Level Annotations

Branches:
Dungeon (3/15)

Altars:
Sif Muna


Innate Abilities, Weirdness & Mutations

You cannot wear boots.
Your serpentine skin is tough. (AC +1)
You have supernaturally acute eyesight. (SInv)
Armour fits poorly on your strangely shaped body.
Your system is resistant to poisons. (rPois)
You cover ground very slowly.
You have a slow metabolism.
You can spit poison.


Message History

The gnoll shaman calls upon its god to heal the gnoll.
The gnoll's wounds heal themselves!
The gnoll hits you with a +0 flail.
You hear a shout!
The gnoll hits you with a +0 flail!
Found a helmet.
Found a stone staircase leading down.
The gnoll hits you with a +0 flail! The gnoll hits you with a +0 flail.
* * * LOW HITPOINT WARNING * * *
Okay, then.
Press: ? - help, v - describe, . - travel
Here: a gnoll, wielding a +0 flail (fast)
The floor.
Unknown command.
Unknown command.
Unknown command.
As you read the scroll of teleportation, it crumbles to dust.
You feel strangely unstable. The gnoll hits you but does no damage.
The gnoll closely misses you. The gnoll hits you with a +0 flail!
You die...

######.................#
........##.....#######.#
###.#######........# #.#
###.########.#####.###.#.#
#............# #.g.g...#g#
#.#.########.# #g#.#####g#
#.#.....####.# #.#.# #g#
#.####.......# #g#g# #g#
#.####..###### #@#g# #.#
........# #[#.# #g#
#.#####.# #>#g# #.# #.#
... #.#.#####.# #.# ####
#.#g...ggg# .)#
#.######### ### #.# ..#


You could see a gnoll shaman and 2 gnolls.

Vanquished Creatures
  An orc priest (D:3)
  Terence (D:2)
  3 adders
  2 leopard geckos
  10 orcs
  A ball python (D:2)
  7 bats
  6 giant cockroaches
  7 goblins
  7 hobgoblins
  A quokka (D:3)
  4 frilled lizards
  5 kobolds
  11 rats
66 creatures vanquished.

Notes
Turn   | Place    | Note
-------+----------+-------------------------------------------
     0 | D:1      | MisterFreud the Naga Fire Elementalist began the quest for
                  | the Orb.
     0 | D:1      | Reached XP level 1. HP: 15/15 MP: 3/3
   231 | D:1      | Reached skill level 4 in Stealth
   262 | D:1      | Reached XP level 2. HP: 22/22 MP: 5/5
   659 | D:2      | Noticed Terence
   715 | D:2      | Reached skill level 5 in Stealth
   902 | D:2      | Reached XP level 3. HP: 25/28 MP: 0/6
  1261 | D:2      | Killed Terence
  1261 | D:2      | Reached XP level 4. HP: 25/36 MP: 0/7
  1436 | D:2      | Found a deep blue altar of Sif Muna.
  1977 | D:3      | Reached XP level 5. HP: 31/42 MP: 3/8
  2184 | D:3      | Slain by a gnoll

Vault maps used:
D:1:      lemuel_arrival_cross, st_stairs_14
D:2:      nrook_mini_vaults, lemuel_blue_sif_altar, uniq_terence

Skill      XL: |  1  2  3 |
---------------+----------+-----
Stealth        | 4 5 |  5.0
Conjurations   | 3 |  3.7
Dodging        | |  1.5
Spellcasting   | |  2.0
Fire Magic     | |  3.7

Action                   |  1- 3 |  4- 6 || total
-------------------------+-------+-------++-------
Melee: Spear             |    50 |    50 ||   100
       Unarmed           |     2 |       ||     2
 Cast: Flame Tongue      |    20 |     9 ||    29
 Abil: Spit Poison       |    11 |    10 ||    21
  Use: Scroll            |     7 |     1 ||     8
 Stab: Sleeping          |     8 |     5 ||    13
  Eat: Chunk             |     1 |     4 ||     5
Armor: Robe              |    18 |     9 ||    27
Dodge: Dodged            |    43 |    28 ||    71

Table legend:
 A = Non-vault XP
 B = Vault XP
 C = Vault XP percentage of total XP
 D = Non-vault monster count
 E = Vault monster count
 F = Vault count percentage of total count
                 A         B        C        D         E       F
            +---------+---------+-------+---------+---------+-------
      Total |     188 |      38 |  16.8 |      64 |       2 |   3.0
            +---------+---------+-------+---------+---------+-------
        D:1 |      21 |       2 |   8.7 |      12 |       1 |   7.7
        D:2 |      49 |      36 |  42.4 |      25 |       1 |   3.8
        D:3 |     118 |       0 |   0.0 |      27 |       0 |   0.0
            +---------+---------+-------+---------+---------+-------
